TOP OF THE 1ST |
West Virginia Mountaineers batting - Pitching for Clemson Tigers : RHP Gary Wilder
|
Pitching: RHP Gary Wilder
|
|
Batting: LHB Eric Chávez
|
0-0: Ground out 1-3 (Groundball, 15S)
|
Batting: RHB Chris Smith
|
0-0: Swinging Strike 0-1: Ball 1-1: Foul Ball, location: 2F 1-2: Foul Ball, location: 2F 1-2: Foul Ball, location: 2F 1-2: Ball 2-2: Strikes out swinging
|
Batting: RHB David Randall
|
0-0: Called Strike 0-1: Called Strike 0-2: Ball 1-2: Ground out 6-3 (Groundball, 6)
|
Top of the 1st over - 0 runs, 0 hits, 0 errors, 0 left on base; West Virginia 0 - Clemson 0 |
BOTTOM OF THE 1ST |
Clemson Tigers batting - Pitching for West Virginia Mountaineers : RHP Bryan Martínez
|
Pitching: RHP Bryan Martínez
|
|
Batting: LHB Dan Dukes
|
0-0: Ball 1-0: Ball 2-0: Called Strike 2-1: Fly out, F7 (Flyball, 7S)
|
Batting: RHB Ricardo Medellín
|
0-0: Ground out 6-3 (Groundball, 6D)
|
Batting: SHB Ken Hall
|
0-0: Ball 1-0: Called Strike 1-1: Ball 2-1: Foul Ball, location: 2F 2-2: Foul Ball, location: 2F 2-2: Fly out, F7 (Flyball, 78M)
|
Bottom of the 1st over - 0 runs, 0 hits, 0 errors, 0 left on base; West Virginia 0 - Clemson 0 |
TOP OF THE 2ND |
West Virginia Mountaineers batting - Pitching for Clemson Tigers : RHP Gary Wilder
|
Batting: LHB Alden Collins
|
0-0: Ball 1-0: Swinging Strike 1-1: Called Strike 1-2: Ball 2-2: Fly out, F8 (Flyball, 8LD)
|
Batting: LHB José Galindo
|
0-0: Ball 1-0: Called Strike 1-1: Ball 2-1: Foul Ball, location: 2F 2-2: SINGLE (Line Drive, 34D)
|
Batting: LHB Jorge López
|
0-0: Called Strike 0-1: SINGLE (Groundball, 34D) José Galindo to second Runner from 2nd tries for 3rd, SAFE, no throw
|
Batting: RHB Jeffery Gordon
|
0-0: Ball 1-0: Ball 2-0: Called Strike 2-1: Ball 3-1: SINGLE (Line Drive, 34D) José Galindo scores Jorge López to second
|
Batting: RHB Jeffrey Dunbar
|
0-0: Called Strike 0-1: Ball 1-1: Ball 2-1: Foul Ball, location: 2F 2-2: Grounds into double play, 4-6-3 (Groundball, 4)
|
Top of the 2nd over - 1 run, 3 hits, 0 errors, 1 left on base; West Virginia 1 - Clemson 0 |
BOTTOM OF THE 2ND |
Clemson Tigers batting - Pitching for West Virginia Mountaineers : RHP Bryan Martínez
|
Batting: RHB Garth O'Flahavan
|
0-0: Ball 1-0: Foul Ball, location: 2F 1-1: DOUBLE (Line Drive, 89XD)
|
Batting: RHB Blair Charnock
|
0-0: Ball 1-0: Ball 2-0: TRIPLE (Flyball, 8RXD) Garth O'Flahavan scores
|
Batting: SHB Michael Jones
|
0-0: Ball 1-0: Ball 2-0: Ball 3-0: Swinging Strike 3-1: Base on Balls
|
Batting: RHB António Delgado
|
0-0: Foul Ball, location: 2F 0-1: Called Strike 0-2: Strikes out swinging
|
Batting: LHB Jack Heinsohn
|
0-0: Foul Ball, location: 2F 0-1: Called Strike 0-2: Foul Ball, location: 2F 0-2: Ground out U3 (Groundball, 3) Blair Charnock scores Michael Jones to second
|
Batting: RHB Brian Childers
|
0-0: Foul Ball, location: 2F 0-1: DOUBLE (Line Drive, 9LM) Michael Jones scores
|
Batting: LHB Dan Dukes
|
0-0: Ball 1-0: Ball 2-0: Called Strike 2-1: Called Strike 2-2: Ball 3-2: SINGLE (Flyball, 8LS) Brian Childers to third Brian Childers scores
|
Batting: RHB Ricardo Medellín
|
0-0: Called Strike Dan Dukes steals 2nd base 0-1: Swinging Strike 0-2: Foul Ball, location: 2F 0-2: Ball 1-2: Strikes out swinging
|
Bottom of the 2nd over - 4 runs, 4 hits, 0 errors, 1 left on base; West Virginia 1 - Clemson 4 |
TOP OF THE 3RD |
West Virginia Mountaineers batting - Pitching for Clemson Tigers : RHP Gary Wilder
|
Batting: RHB Pancho Rodríguez
|
0-0: Swinging Strike 0-1: Ball 1-1: Swinging Strike 1-2: Ball 2-2: Ground out 3-1 (Groundball, 34S)
|
Batting: LHB Eric Chávez
|
0-0: Ball 1-0: Ball 2-0: Called Strike 2-1: Ball 3-1: Base on Balls
|
Batting: RHB Chris Smith
|
0-0: Ball 1-0: Ball 2-0: SINGLE (Groundball, 6MD) Eric Chávez to second Runner from 2nd tries for 3rd, SAFE, no throw
|
Batting: RHB David Randall
|
0-0: Ball 1-0: Grounds into double play, 6-4-3 (Groundball, 6)
|
Top of the 3rd over - 0 runs, 1 hit, 0 errors, 1 left on base; West Virginia 1 - Clemson 4 |
BOTTOM OF THE 3RD |
Clemson Tigers batting - Pitching for West Virginia Mountaineers : RHP Bryan Martínez
|
Batting: SHB Ken Hall
|
0-0: Ball 1-0: Foul Ball, location: 2F 1-1: Swinging Strike 1-2: Foul Ball, location: 2F 1-2: Fly out, F5 (Line Drive, 56S)
|
Batting: RHB Garth O'Flahavan
|
0-0: Foul Ball, location: 2F 0-1: Ball 1-1: Foul Ball, location: 2F 1-2: SOLO HOME RUN (Flyball, 9LD), Distance : 336 ft
|
Batting: RHB Blair Charnock
|
0-0: Called Strike 0-1: Fly out, F8 (Flyball, 8RD)
|
Batting: SHB Michael Jones
|
0-0: Ball 1-0: Fly out, F7 (Flyball, 78S)
|
Bottom of the 3rd over - 1 run, 1 hit, 0 errors, 0 left on base; West Virginia 1 - Clemson 5 |
TOP OF THE 4TH |
West Virginia Mountaineers batting - Pitching for Clemson Tigers : RHP Gary Wilder
|
Batting: LHB Alden Collins
|
0-0: Swinging Strike 0-1: Ball 1-1: Ball 2-1: Ball 3-1: Fly out, F7 (Flyball, 7LD)
|
Batting: LHB José Galindo
|
0-0: Ball 1-0: Foul Ball, location: 2F 1-1: Called Strike 1-2: Foul Ball, location: 2F 1-2: Ball 2-2: Foul Ball, location: 2F 2-2: Ball 3-2: Base on Balls
|
Batting: LHB Jorge López
|
0-0: Called Strike 0-1: Ball 1-1: Ball 2-1: Foul Ball, location: 2F 2-2: SINGLE (Line Drive, 9S) José Galindo to second Runner from 2nd tries for 3rd, SAFE, throw made to third
|
Batting: RHB Jeffery Gordon
|
0-0: Ball 1-0: Foul Ball, location: 2F 1-1: Ball 2-1: Fly out, F9 (Line Drive, 89S) Runner from 3rd tags up, SCORES, no throw
|
Batting: RHB Jeffrey Dunbar
|
0-0: Ball 1-0: Fly out, F9 (Flyball, 89D)
|
Top of the 4th over - 1 run, 1 hit, 0 errors, 1 left on base; West Virginia 2 - Clemson 5 |
BOTTOM OF THE 4TH |
Clemson Tigers batting - Pitching for West Virginia Mountaineers : RHP Bryan Martínez
|
Batting: RHB António Delgado
|
0-0: Foul Ball, location: 2F 0-1: Ball 1-1: Ground out 4-3 (Groundball, 4)
|
Batting: LHB Jack Heinsohn
|
0-0: Called Strike 0-1: Swinging Strike 0-2: Foul Ball, location: 2F 0-2: Ball 1-2: Ground out 4-3 (Groundball, 4)
|
Batting: RHB Brian Childers
|
0-0: Called Strike 0-1: Called Strike 0-2: Strikes out looking
|
Bottom of the 4th over - 0 runs, 0 hits, 0 errors, 0 left on base; West Virginia 2 - Clemson 5 |
TOP OF THE 5TH |
West Virginia Mountaineers batting - Pitching for Clemson Tigers : RHP Gary Wilder
|
Batting: RHB Pancho Rodríguez
|
0-0: Ball 1-0: Foul Ball, location: 2F 1-1: Ball 2-1: Bunted foul 2-2: Foul Ball, location: 2F 2-2: Ball 3-2: Base on Balls
|
Pitching: LHP Jeff Keller
|
|
Batting: LHB Eric Chávez
|
0-0: Swinging Strike 0-1: Ball 1-1: TRIPLE (Flyball, 9D) Pancho Rodríguez scores
|
Batting: RHB Chris Smith
|
0-0: Ball 1-0: Ball 2-0: Foul Ball, location: 2F 2-1: Ball 3-1: Base on Balls
|
Batting: RHB David Randall
|
0-0: Called Strike 0-1: Fly out, F9 (Flyball, 89D) Runner from 3rd tags up, SCORES, throw made
|
Batting: LHB Alden Collins
|
0-0: Called Strike 0-1: 2-RUN HOME RUN (Flyball, 9LD), Distance : 330 ft
|
Batting: LHB José Galindo
|
0-0: Called Strike 0-1: Ball 1-1: Called Strike 1-2: Ground out 3-1 (Groundball, 34)
|
Batting: LHB Jorge López
|
0-0: Called Strike 0-1: Ball 1-1: Swinging Strike 1-2: Foul Ball, location: 2F 1-2: Foul Ball, location: 2F 1-2: Ball 2-2: Strikes out swinging
|
Top of the 5th over - 4 runs, 2 hits, 0 errors, 0 left on base; West Virginia 6 - Clemson 5 |
BOTTOM OF THE 5TH |
Clemson Tigers batting - Pitching for West Virginia Mountaineers : RHP Bryan Martínez
|
Batting: LHB Dan Dukes
|
0-0: Ball 1-0: SINGLE (Groundball, 4D)
|
Batting: RHB Ricardo Medellín
|
0-0: Ball Dan Dukes steals 2nd base 1-0: Foul Ball, location: 2F 1-1: Foul Ball, location: 2F 1-2: Strikes out looking
|
Batting: SHB Ken Hall
|
0-0: Called Strike 0-1: Ball 1-1: Called Strike 1-2: Ball 2-2: Ball 3-2: Foul Ball, location: 2F 3-2: Base on Balls
|
Batting: RHB Garth O'Flahavan
|
0-0: Ball 1-0: Grounds into double play, 6-4-3 (Groundball, 6M)
|
Bottom of the 5th over - 0 runs, 1 hit, 0 errors, 1 left on base; West Virginia 6 - Clemson 5 |
TOP OF THE 6TH |
West Virginia Mountaineers batting - Pitching for Clemson Tigers : LHP Jeff Keller
|
Pitching: RHP Ray Holmes
|
|
Batting: RHB Jeffery Gordon
|
0-0: Called Strike 0-1: SINGLE (Groundball, 6D)
|
Batting: RHB Jeffrey Dunbar
|
0-0: Ball 1-0: Swinging Strike 1-1: Ball 2-1: Foul Ball, location: 2F 2-2: Grounds into double play, 4-6-3 (Groundball, 4)
|
Batting: RHB Pancho Rodríguez
|
0-0: Ball 1-0: Ground out 4-3 (Groundball, 4S)
|
Top of the 6th over - 0 runs, 1 hit, 0 errors, 0 left on base; West Virginia 6 - Clemson 5 |
BOTTOM OF THE 6TH |
Clemson Tigers batting - Pitching for West Virginia Mountaineers : RHP Bryan Martínez
|
Pitching: LHP José Colón
|
|
Batting: RHB Blair Charnock
|
0-0: Ball 1-0: Ball 2-0: Called Strike 2-1: Foul Ball, location: 2F 2-2: Foul Ball, location: 2F 2-2: Ball 3-2: Ground out U3 (Groundball, 34)
|
Batting: SHB Michael Jones
|
0-0: Called Strike 0-1: Ball 1-1: Swinging Strike 1-2: Foul Ball, location: 2F 1-2: Ball 2-2: Ball 3-2: Base on Balls
|
Batting: RHB António Delgado
|
0-0: Swinging Strike 0-1: Ball 1-1: Ball 2-1: Ball 3-1: Foul Ball, location: 2F 3-2: Strikes out looking
|
Batting: LHB Jack Heinsohn
|
0-0: Ball 1-0: Ball 2-0: Ball 3-0: Called Strike 3-1: Base on Balls Michael Jones to second
|
Batting: RHB Brian Childers
|
0-0: Ball 1-0: SINGLE (Groundball, 3D) Michael Jones to third Jack Heinsohn to second
|
Batting: LHB Dan Dukes
|
0-0: Ball 1-0: Swinging Strike 1-1: Ball 2-1: Foul Ball, location: 2F 2-2: Foul Ball, location: 2F 2-2: Foul Ball, location: 2F 2-2: Ball 3-2: Foul Ball, location: 2F 3-2: Foul Ball, location: 2F 3-2: GRAND SLAM HOME RUN (Flyball, 9LD), Distance : 341 ft
|
Pitching: RHP Cam Burns
|
|
Batting: RHB Ricardo Medellín
|
0-0: Called Strike 0-1: Ball 1-1: Ball 2-1: Ground out 6-3 (Groundball, 6)
|
Bottom of the 6th over - 4 runs, 2 hits, 0 errors, 0 left on base; West Virginia 6 - Clemson 9 |
TOP OF THE 7TH |
West Virginia Mountaineers batting - Pitching for Clemson Tigers : RHP Ray Holmes
|
Batting: LHB Eric Chávez
|
0-0: Ground out 4-3 (Groundball, 34D)
|
Batting: RHB Chris Smith
|
0-0: Foul Ball, location: 2F 0-1: Swinging Strike 0-2: Foul Ball, location: 2F 0-2: Ground out 6-3 (Groundball, 6)
|
Batting: RHB David Randall
|
0-0: Ball 1-0: Ball 2-0: Ball 3-0: Called Strike 3-1: Foul Ball, location: 2F 3-2: Strikes out swinging, 2-3 out at first.
|
Top of the 7th over - 0 runs, 0 hits, 0 errors, 0 left on base; West Virginia 6 - Clemson 9 |
BOTTOM OF THE 7TH |
Clemson Tigers batting - Pitching for West Virginia Mountaineers : RHP Cam Burns
|
Batting: SHB Ken Hall
|
0-0: Called Strike 0-1: Ball 1-1: Ball 2-1: Ball 3-1: Called Strike 3-2: Base on Balls
|
Batting: RHB Garth O'Flahavan
|
0-0: Called Strike 0-1: Ball Throwing error on steal attempt, E2 Ken Hall to third 1-1: Ball 2-1: Ball 3-1: Foul Ball, location: 2F 3-2: Base on Balls
|
Batting: RHB Blair Charnock
|
0-0: Ball 1-0: Ball 2-0: Ground out 6-3 (Groundball, 6) Garth O'Flahavan to second
|
Batting: SHB Michael Jones
|
0-0: Called Strike 0-1: Ball 1-1: Ball 2-1: Ball 3-1: Foul Ball, location: 2F 3-2: Fly out, F9 (Line Drive, 89S) Runner from 3rd tags up, SCORES, no throw
|
Batting: RHB António Delgado
|
0-0: Foul Ball, location: 2F 0-1: Ball 1-1: Fly out, F9 (Flyball, 9D)
|
Bottom of the 7th over - 1 run, 0 hits, 1 error, 1 left on base; West Virginia 6 - Clemson 10 |
TOP OF THE 8TH |
West Virginia Mountaineers batting - Pitching for Clemson Tigers : RHP Ray Holmes
|
Batting: LHB Alden Collins
|
0-0: Ball 1-0: Called Strike 1-1: Foul Ball, location: 2F 1-2: Strikes out swinging
|
Batting: LHB José Galindo
|
0-0: Ball 1-0: Ball 2-0: Swinging Strike 2-1: Swinging Strike 2-2: Ball 3-2: Strikes out swinging
|
Batting: LHB Jorge López
|
0-0: Ball 1-0: Foul Ball, location: 2F 1-1: Called Strike 1-2: Strikes out looking
|
Top of the 8th over - 0 runs, 0 hits, 0 errors, 0 left on base; West Virginia 6 - Clemson 10 |
BOTTOM OF THE 8TH |
Clemson Tigers batting - Pitching for West Virginia Mountaineers : RHP Cam Burns
|
Batting: LHB Jack Heinsohn
|
0-0: Foul Ball, location: 2F 0-1: Foul Ball, location: 2F 0-2: Strikes out swinging
|
Batting: RHB Brian Childers
|
0-0: Ball 1-0: SINGLE (Flyball, 7LS)
|
Batting: LHB Dan Dukes
|
0-0: Swinging Strike 0-1: Swinging Strike 0-2: Ball 1-2: Ball Passed Ball! Brian Childers to second 2-2: Ball 3-2: Intentional Walk
|
Batting: RHB Ricardo Medellín
|
0-0: Ball 1-0: Ball 2-0: Ball 3-0: Swinging Strike 3-1: Base on Balls Brian Childers to third Dan Dukes to second
|
Pitching: LHP Ernest Johnson
|
|
Batting: SHB Ken Hall
|
0-0: Called Strike 0-1: Ball 1-1: Called Strike 1-2: Foul Ball, location: 2F 1-2: Strikes out swinging
|
Batting: RHB Garth O'Flahavan
|
0-0: Ball 1-0: Foul Ball, location: 2F 1-1: Ball 2-1: Ball 3-1: SINGLE (Flyball, 78M) Brian Childers scores Dan Dukes to third Ricardo Medellín to second Runner from 3rd tries for Home, SAFE, no throw
|
Batting: RHB Blair Charnock
|
0-0: Ball 1-0: Called Strike 1-1: Ball 2-1: Swinging Strike 2-2: Ball 3-2: Base on Balls Ricardo Medellín to third Garth O'Flahavan to second
|
Batting: SHB Michael Jones
|
0-0: Ball 1-0: Fly out, F8 (Line Drive, 89D)
|
Bottom of the 8th over - 2 runs, 2 hits, 0 errors, 3 left on base; West Virginia 6 - Clemson 12 |
TOP OF THE 9TH |
West Virginia Mountaineers batting - Pitching for Clemson Tigers : RHP Ray Holmes
|
Now in LF: Zach O'Kelly
|
|
Batting: RHB Jeffery Gordon
|
0-0: Ball 1-0: Ground out 3-1 (Groundball, 34S)
|
Batting: RHB Jeffrey Dunbar
|
0-0: Called Strike 0-1: Ball 1-1: Called Strike 1-2: Strikes out looking
|
Batting: RHB Pancho Rodríguez
|
0-0: Called Strike 0-1: Ground out 4-3 (Groundball, 4)
|
Top of the 9th over - 0 runs, 0 hits, 0 errors, 0 left on base; West Virginia 6 - Clemson 12 |
|